 Dungeon Crawl Stone Soup version 0.30-a0-509-gd016549fea (webtiles) character file.

Game seed: 12825000612421772820

392 xzight the Firebug (level 6, 0/35 HPs)
             Began as a Deep Elf Fire Elementalist on Dec 22, 2022.
             Slain by a sky beast (5 damage)
             ... on level 7 of the Dungeon.
             The game lasted 00:08:15 (5238 turns).

xzight the Firebug (Deep Elf Fire Elementalist)     Turns: 5238, Time: 00:08:15

Health: 0/35       AC:  6    Str:  5    XL:     6   Next: 51%
Magic:  9/14       EV: 13    Int: 25    God:
Gold:   148        SH:  0    Dex: 15    Spells: 11/14 levels left

rFire   . . .      SeeInvis .    r - +7 sling of Tunoh {drain, rC+++ Will+ Int+3}
rCold   + + +      Faith    .    (no shield)
rNeg    . . .      Spirit   .    a - +0 robe
rPois   .          Reflect  .    (no helmet)
rElec   .          Harm     .    u - +2 cloak
rCorr   .          Rampage  .    p - +0 pair of gloves
Will    +....                    (no boots)
Stlth   ++........               (no amulet)
HPRegen 0.25/turn                L - ring of flight
MPRegen 0.14/turn                (no ring)

@: flying
A: no striking features
a: no special abilities


You were on level 7 of the Dungeon.
You visited 1 branch of the dungeon, and saw 5 of its levels.

You collected 148 gold pieces.


   Skills:
 + Level 1.8 Fighting
 + Level 0.7 Ranged Weapons
 + Level 4.0 Dodging
 - Level 2.4 Stealth
 + Level 4.6 Spellcasting
 + Level 3.0 Conjurations
 * Level 5.5 Fire Magic


You had 11 spell levels left.
You knew the following spells:

 Your Spells              Type           Power      Damage    Failure   Level
a - Foxfire               Conj/Fire      100%       2x1d9     1%          1
b - Scorch                Fire           66%        2d8       1%          2

Your spell library contained the following spells:

 Spells                   Type           Power      Damage    Failure   Level
 Inner Flame              Hex/Fire       19%        N/A       9%          3
 Kindle Blastsparks       Fire/Tloc/Air  28%        2d12      12%         3
 Ensorcelled Hibernation  Hex/Ice        10%        N/A       13%         2
 Passwall                 Tmut/Erth      4%         N/A       13%         2
 Flame Wave               Conj/Fire      27%        2d9       14%         4
 Swiftness                Air            5%         N/A       26%         3

Inventory:

Hand Weapons
 d - a +0 dagger
 r - the +7 sling of Tunoh (weapon) {drain, rC+++ Will+ Int+3}
   (You found it on level 4 of the Dungeon)

   A truly terrible weapon, it drains the life of any living foe it strikes.
   Int:       It affects your intelligence (+3).
   rC:        It renders you almost immune to cold.
   Will:      It increases your willpower.
Missiles
 s - 15 stones
Armour
 a - a +0 robe (worn)
 p - a +0 pair of gloves (worn)
 u - a +2 cloak (worn)
Jewellery
 L - a ring of flight (left hand)
Wands
 x - a wand of flame (4)
Scrolls
 e - a scroll of vulnerability {unknown}
 i - a scroll of amnesia {unknown}
 j - a scroll of fear {unknown}
 k - a scroll of butterflies {unknown}
 l - a scroll of teleportation {@r2}
 m - a scroll of blinking {unknown}
 o - 2 scrolls of identify {unknown}
 q - a scroll of acquirement {unknown}
 t - a scroll of enchant armour {unknown}
 w - a scroll of poison {unknown}
Potions
 b - 2 potions of magic
 c - 3 potions of heal wounds {unknown}
 f - a potion of mutation {unknown}
 g - 5 potions of curing {unknown}
 h - a potion of attraction {unknown}
 n - a potion of degeneration {unknown}
 v - 2 potions of cancellation {unknown}

Dungeon Overview and Level Annotations

Branches:
Dungeon (7/15)
 Temple: D:4-7

Altars:

Annotations:
D:4 exclusion: steam dragon, Eustachio

####...............
#.........######..#
#.........#
#.........#
#.#######.# #g# #.#
#.# #.# #.#######.#
#..g.{@<#.#
#########


You could see a gnoll.


Message History

The sky beast is heavily wounded.
The sky beast's fire resistance burns away.
The sky beast hits you but does no damage.
The sky beast hits you. The sky beast shocks you.
Casting: Scorch (safe; 1% risk of failure)
Confirm with . or Enter, or press ? or * to list all spells.
Flames lash the sky beast.
The sky beast is burned terribly!
The sky beast is heavily wounded.
The sky beast barely misses you. The sky beast hits you.
The sky beast shocks you.
Casting: Scorch (safe; 1% risk of failure)
Confirm with . or Enter, or press ? or * to list all spells.
Flames lash the sky beast.
The sky beast is burned terribly!
The sky beast is almost dead.
The sky beast hits you but does no damage.
The gnoll hits you but does no damage.
The sky beast flickers out of sight!
Deactivating autopickup; reactivate with Ctrl-A.
Something hits you but does no damage. Something hits you.
Something shocks you.
* * * LOW HITPOINT WARNING * * *
Something hits you but does no damage.
Found a stone staircase leading up.
Something hits you.
* * * LOW HITPOINT WARNING * * *
Something shocks you.
* * * LOW HITPOINT WARNING * * *
Something hits you but does no damage. Something hits you.
* * * LOW HITPOINT WARNING * * *
Something shocks you.
You die...

Skill      XL: |  1  2  3  4  5  6 |
---------------+-------------------+-----
Fire Magic     | 4 5 |  5.5
Dodging        | 3 4 |  4.0
Fighting       | 1 |  1.8
Conjurations   | 2 3 |  3.0
Spellcasting   | 4 |  4.6
Ranged Weapons | |  0.7
Stealth        | |  2.4

Action                   |  1- 3 |  4- 6 || total
-------------------------+-------+-------++-------
Melee: Unarmed           |     7 |       ||     7
       Dagger            |    14 |       ||    14
 Fire: Sling             |       |    20 ||    20
 Cast: Foxfire           |   103 |    91 ||   194
       Scorch            |       |    18 ||    18
  Use: Scroll            |       |     2 ||     2
Armor: Robe              |     7 |    23 ||    30
Dodge: Dodged            |    32 |    49 ||    81

Levels and vault maps discovered:
D:1:      amcnicky_arrival_gap_in_the_tavern_cellar, layout_loops_ring,
          minmay_shallow_snake_nest
D:2:      layout_loops_corners, minmay_quadrilaterals
D:3:      layout_basic
D:4:      layout_loops_ring, nicolae_ossuary_entry_ruins, uniq_eustachio,
          uniq_sigmund
D:7:      layout_basic, minmay_temple_entry_statues_pillars

Notes
Turn   | Place    | Note
-------+----------+-------------------------------------------
     0 | D:1      | xzight the Deep Elf Fire Elementalist began the quest for
                  | the Orb.
     0 | D:1      | Reached XP level 1. HP: 10/10 MP: 6/6
   149 | D:1      | Reached XP level 2. HP: 15/15 MP: 5/8
   571 | D:1      | Learned a level 2 spell: Scorch
   741 | D:1      | Reached XP level 3. HP: 20/20 MP: 7/9
  1485 | D:2      | Reached skill level 4 in Fire Magic
  1542 | D:2      | Reached skill level 3 in Dodging
  1910 | D:2      | Reached XP level 4. HP: 20/24 MP: 7/11
  2188 | D:2      | Reached skill level 1 in Fighting
  2486 | D:2      | Reached skill level 2 in Conjurations
  3119 | D:3      | Reached skill level 4 in Spellcasting
  3119 | D:3      | Reached XP level 5. HP: 29/29 MP: 6/13
  3302 | D:3      | Identified the +1 ring mail of the Wumpus {rF- Slay+2
                  | Stlth+}
  4085 | D:4      | Noticed Sigmund
  4096 | D:4      | Killed Sigmund
  4097 | D:4      | Reached skill level 5 in Fire Magic
  4097 | D:4      | Reached XP level 6. HP: 35/35 MP: 2/14
  4192 | D:4      | Identified the +7 sling of Tunoh {drain, rC+++ Will+ Int+3}
  4424 | D:4      | Reached skill level 3 in Conjurations
  4519 | D:4      | Reached skill level 4 in Dodging
  4891 | D:4      | Noticed Eustachio
  5116 | D:4      | Noticed a steam dragon
  5202 | D:4      | You are sucked into a shaft and drop 3 floors!
  5215 | D:7      | Noticed a sky beast
  5238 | D:7      | Slain by a sky beast

Vanquished Creatures
  Sigmund (D:4)
  A howler monkey (D:3)
  2 iguanas (D:4)
  5 adders
  A worm (D:4)
  4 dart slugs
  8 ball pythons
  10 bats
  12 endoplasms
  4 giant cockroaches
  8 goblins
  8 hobgoblins
  6 jackals
  6 quokkas
  2 frilled lizards
  9 kobolds
  3 rats
90 creatures vanquished.

Vanquished Creatures (collateral kills)
  2 foxfires (D:1)
2 creatures vanquished.

Vanquished Creatures (others)
  309 foxfires
309 creatures vanquished.

Grand Total: 401 creatures vanquished

Table legend: (Time is in decaauts)
 A = Elapsed time spent in this place.
 B = Non-inter-level travel time spent in this place.
 C = Inter-level travel time spent in this place.
 D = Time resting spent in this place.
 E = Time spent auto-exploring this place.
 F = Levels seen in this place.
 G = Mean time per level.
                   A        B        C        D        E       F      G
               +--------+--------+--------+--------+--------+-----+--------+
         Total |   5245 |   4934 |    311 |    485 |   3661 |   5 | 1049.0 |
       Dungeon |   5245 |   4934 |    311 |    485 |   3661 |   5 | 1049.0 |
               +--------+--------+--------+--------+--------+-----+--------+

Top non-repeatable levels by time:
     D:2: 1518 daAuts
     D:1: 1487 daAuts
     D:3: 1215 daAuts
     D:4: 989 daAuts
     D:7: 35 daAuts

Table legend:
 A = Non-vault XP
 B = Vault XP
 C = Vault XP percentage of total XP
 D = Non-vault monster count
 E = Vault monster count
 F = Vault count percentage of total count
                 A         B        C        D         E       F
            +---------+---------+-------+---------+---------+-------
      Total |     339 |     222 |  39.6 |      84 |       6 |   6.7
            +---------+---------+-------+---------+---------+-------
        D:1 |      60 |       3 |   4.8 |      32 |       2 |   5.9
        D:2 |      63 |       5 |   7.4 |      22 |       3 |  12.0
        D:3 |     102 |       0 |   0.0 |      15 |       0 |   0.0
        D:4 |     114 |     214 |  65.2 |      15 |       1 |   6.2
            +---------+---------+-------+---------+---------+-------
